 Dungeon Crawl Stone Soup version 0.30-a0-241-g1121274140 (webtiles) character file.

Game seed: 6964976028453694616

5278 KennySheep the Ruffian (level 10, -2/81 HPs)
             Began as a Demigod Transmuter on Oct 10, 2022.
             Slain by a centaur (6 damage)
             ... on level 8 of the Dungeon.
             The game lasted 00:27:15 (8885 turns).

KennySheep the Ruffian (Demigod Transmuter)         Turns: 8885, Time: 00:27:16

Health: -2/81      AC:  2    Str: 19    XL:     10   Next: 14%
Magic:  23/26      EV: 23    Int: 25    God:
Gold:   353        SH:  0    Dex: 19    Spells: 4/14 levels left

rFire   . . .      SeeInvis .      - Unarmed
rCold   . . .      Faith    .    (shield currently unavailable)
rNeg    . . .      Spirit   .    (body armour currently unavailable)
rPois   x          Reflect  .    (helmet currently unavailable)
rElec   .          Harm     .    (cloak currently unavailable)
rCorr   .          Rampage  .    (gloves currently unavailable)
Will    +....                    (boots currently unavailable)
Stlth   ++........               (no amulet)
HPRegen 0.33/turn                f - +6 ring of intelligence
MPRegen 0.20/turn                z - ring of magical power

@: spider-form
A: venomous fangs, tiny, high MP 1, forlorn, divine attributes
a: End Transformation


You were on level 8 of the Dungeon.
You were a venomous arachnid creature.
You visited 1 branch of the dungeon, and saw 8 of its levels.

You collected 533 gold pieces.
You spent 180 gold pieces at shops.

Inventory:

Hand Weapons
 C - the +7 sling "Riweolem" {venom, rPois Str-5 Int+10 Stlth-}
   (You found it on level 7 of the Dungeon)

   Any ammunition fired from it poisons the flesh of those it strikes.
   Str:       It affects your strength (-5).
   Int:       It affects your intelligence (+10).
   rPois:     It protects you from poison.
   Stlth:     It makes you less stealthy.
Armour
 a - a +0 robe (melded)
 c - the +0 pair of gloves of Midwinter {+Inv rN++ MP-9 SInv}
   (You acquired it on level 3 of the Dungeon)

   rN:        It greatly protects you from negative energy.
   MP:        It affects your magic capacity (-9).
   SInv:      It lets you see invisible.
   +Inv:      It lets you turn invisible.
 n - the +1 ring mail "Bakkapp" {rPois rF+ Regen+ Int-2}
   (You found it on level 3 of the Dungeon)

   Int:       It affects your intelligence (-2).
   rF:        It protects you from fire.
   rPois:     It protects you from poison.
   Regen:     It increases your rate of health regeneration.
 x - a +1 pair of boots (melded)
 B - the +2 ratskin cloak (melded) {*Rats rPois rN+ Str-1 Int-1 Dex+1}
   (You found it on level 6 of the Dungeon)

   When the wearer is hurt, rats may emerge from it to assist them.
   Str:       It affects your strength (-1).
   Int:       It affects your intelligence (-1).
   Dex:       It affects your dexterity (+1).
   rPois:     It protects you from poison.
   rN:        It protects you from negative energy.
Jewellery
 f - a +6 ring of intelligence (left front leg)
 y - a ring of fire
 z - a ring of magical power (right front leg)
Scrolls
 d - 2 scrolls of poison
 g - 4 scrolls of noise
 h - 6 scrolls of identify
 i - a scroll of immolation
 j - 3 scrolls of teleportation
 m - a scroll of brand weapon
 p - a scroll of butterflies
 q - a scroll of vulnerability
 u - 4 scrolls of magic mapping
 w - a scroll of torment
 A - a scroll of amnesia {unknown}
 F - a scroll of silence {unknown}
 H - a scroll of enchant armour {unknown}
Potions
 b - 3 potions of lignification
 e - 2 potions of ambrosia {unknown}
 k - 2 potions of invisibility {unknown}
 l - 2 potions of heal wounds {unknown}
 o - 2 potions of degeneration {unknown}
 r - a potion of might {unknown}
 s - 3 potions of flight
 t - a potion of mutation {unknown}
 v - 3 potions of cancellation
 D - a potion of resistance {unknown}
 E - 2 potions of brilliance {unknown}
 G - a potion of attraction {unknown}


   Skills:
 + Level 5.5 Fighting
 + Level 5.7 Dodging
 * Level 7.8 Unarmed Combat
 - Level 2.8 Spellcasting
 + Level 7.3 Transmutations
 - Level 4.1 Ice Magic
 - Level 3.0 Poison Magic


You had 4 spell levels left.
You knew the following spells:

 Your Spells              Type           Power      Damage    Failure   Level
a - Beastly Appendage     Tmut           80%        N/A       3%          1
b - Wereblood             Tmut           40%        N/A       4%          2
c - Spider Form           Tmut/Pois      29%        N/A       12%         3
d - Ice Form              Ice/Tmut       32%        N/A       24%         4

Your spell library contained the following spells:

 Spells                   Type           Power      Damage    Failure   Level
 Ensorcelled Hibernation  Hex/Ice        26%        N/A       19%         2
 Necrotise                Necr           12%        1d4       26%         1
 Shock                    Conj/Air       12%        1d3       26%         1
 Blink                    Tloc           6%         N/A       34%         2
 Momentum Strike          Conj/Tloc      6%         3d8       34%         2
 Lesser Beckoning         Tloc           6%         N/A       52%         3
 Summon Guardian Golem    Hex/Summ       3%         N/A       52%         3
 Swiftness                Air            3%         N/A       52%         3
 Summon Ice Beast         Ice/Summ       13%        N/A       63%         4
 Airstrike                Air            1%         2d(1-17)  87%         4
 Anguish                  Hex/Necr       1%         N/A       87%         4
 Agony                    Necr           3%         N/A       99%         5
 Summon Horrible Things   Summ           1%         N/A       100%        8


Dungeon Overview and Level Annotations

Branches:
Dungeon (8/15)             Temple (0/1) D:7
   Lair: D:8-11

Shops:
D:7 *

Annotations:
D:3 1 runed translucent door, Crazy Yiuf
D:4 3 runed translucent doors, sleeves's ghost, novice DsCA


Innate Abilities, Weirdness & Mutations

You are a venomous arachnid creature.
You have poisonous fangs.
You are tiny and dextrous.
Your spellcasting is less reliable in this form.
Your armour is entirely melded.
You are incapable of wielding weapons or throwing items.
You have an increased reservoir of magic. (+10% MP)
You shall have no god before yourself.
Your divine heritage dramatically boosts your attributes as you level up.


Message History

The shadow is lightly damaged.
The shadow barely misses you.
You hit the shadow.
The shadow is moderately damaged.
You pummel the shadow!!
You destroy the shadow!
You start resting.
Your transformation is almost over.
A centaur is nearby!
Sorry, you're not good enough to have a special ability.
The centaur shouts!
The centaur zaps a wand.
You easily resist.
The centaur wields a +0 shortbow.
The centaur shoots an arrow.
The arrow hits you!
* * * LOW HITPOINT WARNING * * *
It was a potion of cancellation.
Your magical effects are unravelling.
You feel magically purged.
You feel less wooden.
The +2 ratskin cloak {*Rats rPois rN+ Str-1 Int-1 Dex+1} unmelds from your body.
Your +1 pair of boots unmelds from your body.
Your +0 robe unmelds from your body.
The centaur unwields a +0 shortbow.
The centaur hits you but does no damage.
The centaur barely misses you.
Okay, then.
Okay, then.
Okay, then.
Casting: Spider Form (mildly dangerous; 3% risk of failure)
Confirm with . or Enter, or press ? or * to list all spells.
You turn into a venomous arachnid creature.
The +2 ratskin cloak {*Rats rPois rN+ Str-1 Int-1 Dex+1} melds into your body.
Your +1 pair of boots melds into your body.
Your +0 robe melds into your body.
The centaur misses you. x2
You hit the centaur.
The centaur is poisoned.
The centaur is lightly wounded.
The centaur closely misses you. The centaur misses you.
You hit the centaur.
The centaur looks as sick as possible!
The centaur is moderately wounded.
The centaur hits you.
You die...

##### ####.####
###.....)##..
.##.##.##.##.#
#...#...###
.).....cH....# ##..#.[##
# )##.##.##)##.#
#...))## # ####.##.#
####)..## #...###
##..<## ####.#### ###..#
#.##.##.##### ##..
#....cs.)'..#### ##.
#)##.##.###..#.# #.
####.#### #....## ##
#....# #####...### #
########..###....## #
###....###....####
#######.....[####.......
#.##..##......####......
#..#.#####..............


You could see a centaur (extremely poisoned).

Vanquished Creatures
  A centaur warrior (D:8)
  A manticore (D:8)
  A troll (D:8)
  A slime creature (D:8)
  Sigmund (D:6)
  2 shadows (D:8)
  2 vampire mosquitoes (D:8)
  2 steam dragons (D:8)
  A water moccasin (D:8)
  3 ice beasts
  2 black bears (D:5)
  2 sky beasts (D:8)
  A black bear (shapeshifter) (D:8)
  An orc warrior (D:8)
  3 ogres
  A centaur (D:8)
  2 phantoms (D:6)
  2 kobold brigands (D:8)
  3 bullfrogs
  2 necrophages (D:7)
  3 scorpions
  3 wights (D:8)
  A howler monkey (D:6)
  An orc priest (D:8)
  4 hounds
  A gnoll bouda (D:7)
  3 iguanas
  3 orc wizards
  A hell rat (D:6)
  4 gnolls (D:7)
  2 adders
  23 river rats (D:6)
  A shadow imp (D:8)
  A white imp (D:6)
  2 ufetubi
  2 worms (D:2)
  3 dart slugs
  10 orcs
  6 ball pythons
  8 bats
  6 endoplasms
  A giant cockroach (D:3)
  4 goblins
  6 hobgoblins
  3 quokkas
  3 frilled lizards
  6 kobolds
  6 rats
151 creatures vanquished.

Vanquished Creatures (collateral kills)
  A jelly (D:7)
1 creature vanquished.

Grand Total: 152 creatures vanquished

Notes
Turn   | Place    | Note
-------+----------+-------------------------------------------
     0 | D:1      | KennySheep the Demigod Transmuter began the quest for the
                  | Orb.
     0 | D:1      | Reached XP level 1. HP: 15/15 MP: 5/5
   185 | D:1      | Reached skill level 1 in Poison Magic
   257 | D:1      | Reached XP level 2. HP: 22/22 MP: 7/7
   985 | D:2      | Reached XP level 3. HP: 27/27 MP: 6/8
   989 | D:2      | Learned a level 3 spell: Spider Form
  1819 | D:3      | Identified the +1 ring mail "Bakkapp" {rPois rF+ Regen+
                  | Int-2}
  1875 | D:3      | Identified a scroll of acquirement
  1876 | D:3      | Acquired the +0 pair of gloves of Midwinter {+Inv rN++ MP-9
                  | SInv}
  2165 | D:3      | Got Werol's Book of the Dark Escort
  2261 | D:3      | Found a runed translucent door.
  2262 | D:3      | Noticed Crazy Yiuf
  2651 | D:4      | Found a runed translucent gate.
  2651 | D:4      | Found a runed translucent gate.
  2651 | D:4      | Found a runed translucent gate.
  2652 | D:4      | Noticed sleeves's ghost (novice DsCA)
  3143 | D:4      | Noticed a scorpion
  3152 | D:4      | Killed a scorpion
  3153 | D:4      | Reached XP level 4. HP: 34/34 MP: 10/10
  3362 | D:5      | Entered Level 5 of the Dungeon
  3402 | D:5      | Noticed an ogre
  3410 | D:5      | Killed an ogre
  3411 | D:5      | Reached XP level 5. HP: 39/39 MP: 7/11
  3480 | D:5      | Noticed a black bear
  3509 | D:5      | Noticed a black bear
  3521 | D:5      | Killed a black bear
  3522 | D:5      | Reached skill level 1 in Fighting
  3522 | D:5      | Reached XP level 6. HP: 16/47 MP: 5/13
  3680 | D:5      | Reached skill level 1 in Ice Magic
  3906 | D:5      | Learned a level 2 spell: Wereblood
  3911 | D:5      | Learned a level 4 spell: Ice Form
  4388 | D:5      | Identified the +6 long sword "Yryateeb" {vorpal, rElec
                  | Str+3 Stlth+}
  4498 | D:5      | Reached XP level 7. HP: 53/53 MP: 11/14
  4953 | D:6      | Noticed Sigmund
  4984 | D:6      | Killed Sigmund
  4985 | D:6      | Reached skill level 5 in Transmutations
  5402 | D:6      | Reached XP level 8. HP: 62/62 MP: 12/15
  5805 | D:6      | Found the +2 ratskin cloak {*Rats rPois rN+ Str-1 Int-1
                  | Dex+1}
  6230 | D:7      | Identified the +7 sling "Riweolem" {venom, rPois Str-5
                  | Int+10 Stlth-}
  6489 | D:7      | Found Owauqez's Assorted Antiques.
  6505 | D:7      | Bought a green potion for 24 gold pieces
  6505 | D:7      | Bought 2 coppery potions for 48 gold pieces
  6505 | D:7      | Bought a scroll of teleportation for 81 gold pieces
  6505 | D:7      | Bought a scroll labelled YSUNTU BIFRAEP for 27 gold pieces
  6756 | D:7      | Reached skill level 5 in Unarmed Combat
  6909 | D:7      | Found a staircase to the Ecumenical Temple.
  7256 | D:8      | Got Zoalechu's Encyclopedia of Snowy Fascination
  7278 | D:8      | Reached XP level 9. HP: 24/71 MP: 16/16
  7735 | D:8      | Reached skill level 5 in Dodging
  7910 | D:8      | Noticed a centaur warrior
  7923 | D:8      | HP: 4/87 [centaur warrior/arrow (10)]
  7925 | D:8      | HP: 1/87 [centaur/arrow (4)]
  7931 | D:8      | HP: 2/87 [centaur (4)]
  7933 | D:8      | Reached skill level 5 in Fighting
  8208 | D:8      | Identified the +6 rapier "Siodwe" {drain, Fly}
  8271 | D:8      | Killed a centaur warrior
  8507 | D:8      | Reached XP level 10. HP: 50/81 MP: 16/17
  8816 | D:8      | Noticed a manticore
  8837 | D:8      | Killed a manticore
  8855 | D:8      | HP: 6/121 [shadow (2)]
  8881 | D:8      | HP: 4/121 [centaur/arrow (9)]
  8885 | D:8      | Slain by a centaur

Illustrated notes

Levels and vault maps discovered:
D:1:      lightli_molten_gateway, layout_loops_corners, minivault_27
D:2:      minmay_spotlight, layout_basic,
          chequers_ecumenical_altar_simple_redux, kennysheep_big_empty_room,
          minmay_misc_feat_more_columns, supply_closet_lemuel, st_stairs_3,
          grunt_ministairs_3
D:3:      layout_rooms, uniq_crazy_yiuf_cottage
D:4:      layout_basic, lemuel_round_altar, ebering_ghost_rock_garden
D:5:      layout_loops_cross, dreamdust_wishing_well, eino_tiny_chamber,
          palyth_stone_intersect
D:6:      wander_guarded_unrand_ratskin, layout_gridville,
          corexii_hall_statues_u, dk_noncrumbling_3, uniq_sigmund
D:7:      layout_loops_cross, lemuel_temple_firewalk_b, serial_shops,
          nicolae_square_shop, feat_on_display
D:8:      hangedman_cross_veins, layout_layer_cave,
          gammafunk_temple_overflow_forgotten, minmay_misc_feat_cross

Skill      XL: |  1  2  3  4  5  6  7  8  9 |
---------------+----------------------------+-----
Transmutations | 2 3 4 5 6 7 |  7.3
Poison Magic   | 1 2 3 |  3.0
Unarmed Combat | 3 4 5 7 |  7.8
Spellcasting   | 2 |  2.8
Fighting       | 1 2 3 5 |  5.5
Dodging        | 2 3 4 5 |  5.7
Ice Magic      | 2 3 4 |  4.1

Action                   |  1- 3 |  4- 6 |  7- 9 | 10-12 || total
-------------------------+-------+-------+-------+-------++-------
Melee: Unarmed           |   189 |    75 |   331 |    16 ||   611
       Kick              |    10 |       |       |       ||    10
       Headbutt          |     6 |     1 |       |       ||     7
       Punch             |     1 |     1 |     2 |       ||     4
 Fire: Sling             |       |       |    13 |     3 ||    16
 Cast: Beastly Appendage |    13 |     2 |       |       ||    15
       Spider Form       |     3 |     7 |    22 |     3 ||    35
       Ice Form          |       |       |    13 |     1 ||    14
  Use: Scroll            |     7 |       |     6 |       ||    13
       Potion            |     3 |     2 |     1 |     2 ||     8
 Stab: Sleeping          |       |     1 |     1 |       ||     2
Armor: Robe              |    30 |     1 |     3 |     1 ||    35
       Ring mail         |    20 |       |       |       ||    20
       Skin              |     4 |     1 |    47 |     7 ||    59
Dodge: Dodged            |   131 |    51 |   251 |    16 ||   449

Table legend: (Time is in decaauts)
 A = Elapsed time spent in this place.
 B = Non-inter-level travel time spent in this place.
 C = Inter-level travel time spent in this place.
 D = Time resting spent in this place.
 E = Time spent auto-exploring this place.
 F = Levels seen in this place.
 G = Mean time per level.
                   A        B        C        D        E       F      G
               +--------+--------+--------+--------+--------+-----+--------+
         Total |   8839 |   8558 |    281 |   1679 |   5481 |   8 | 1104.9 |
       Dungeon |   8839 |   8558 |    281 |   1679 |   5481 |   8 | 1104.9 |
               +--------+--------+--------+--------+--------+-----+--------+

Top non-repeatable levels by time:
     D:8: 1671 daAuts
     D:6: 1500 daAuts
     D:5: 1334 daAuts
     D:7: 983 daAuts
     D:4: 929 daAuts
     D:1: 891 daAuts
     D:2: 863 daAuts
     D:3: 665 daAuts
